 Dungeon Crawl Stone Soup version 0.26-a0-663-g36e8fdb655 (webtiles) character file.

Game seed: 14030267286918533833

78 somkeydreadnuts the Grasshopper (level 4, -1/40 HPs)
             Began as a Deep Dwarf Warper on Oct 12, 2020.
             Slain by a worm (3 damage)
             ... on level 2 of the Dungeon.
             The game lasted 00:09:12 (1353 turns).

somkeydreadnuts the Grasshopper (Deep Dwarf Warper) Turns: 1353, Time: 00:09:13

Health: -1/40      AC:  5    Str: 15    XL:     4   Next: 15%
Magic:  6/6        EV: 12    Int: 14    God:
Gold:   158        SH:  0    Dex: 12    Spells: 4/6 levels left

rFire    . . .     SeeInvis .   a - +0 hand axe
rCold    . . .     Faith    .   (no shield)
rNeg     . . .     Spirit   .   o - +0 ring mail
rPois    .         Reflect  .   (no helmet)
rElec    .         Harm     .   (no cloak)
rCorr    .         Rampage  .   (no gloves)
MR       .....                  (no boots)
Stlth    +.........             (no amulet)
HPRegen  0.00/turn              (no ring)
MPRegen  0.10/turn              (no ring)

@: non-regenerating
A: damage resistance, heal wounds, sense surroundings 1, no regeneration
a: Heal Wounds


You were on level 2 of the Dungeon.
You visited 1 branch of the dungeon, and saw 2 of its levels.

You collected 158 gold pieces.

Inventory:

Hand Weapons
 a - a +0 hand axe (weapon)
Missiles
 e - 5 boomerangs of dispersal (quivered)
Armour
 b - a +0 leather armour
 o - a +0 ring mail (worn)
Scrolls
 d - a scroll of blinking
 g - a scroll of magic mapping {unknown}
 h - a scroll of enchant armour {unknown}
 i - a scroll of teleportation {unknown}
 j - a scroll of amnesia {unknown}
 k - a scroll of identify {unknown}
 q - a scroll of fog {unknown}
 r - a scroll of random uselessness {unknown}
Potions
 c - a potion of might {unknown}
 f - a potion of curing {unknown}
 l - a potion of invisibility {unknown}
 m - a potion of brilliance {unknown}
 n - a potion of resistance {unknown}
 p - a potion of haste {unknown}


   Skills:
 + Level 2.3 Fighting
 + Level 3.2 Axes
 + Level 0.8 Throwing
 + Level 1.9 Armour
 + Level 3.1 Dodging
 + Level 0.3 Stealth
 + Level 1.9 Spellcasting
 + Level 3.3 Translocations


You had 4 spell levels left.
You knew the following spells:

 Your Spells              Type           Power        Failure   Level
a - Blink                 Tloc           N/A          17%         2

Your spell library contained the following spells:

 Spells                   Type           Power        Failure   Level
 Gell's Gravitas          Tloc           ##........   34%         3
 Lesser Beckoning         Tloc           ##........   34%         3
 Teleport Other           Tloc           ##......     34%         3
 Passage of Golubria      Tloc           N/A          75%         4


Dungeon Overview and Level Annotations

Branches:
Dungeon (2/15)

Altars:


Innate Abilities, Weirdness & Mutations

You are resistant to damage.
You can heal yourself by infusing magical energy.
You passively map a small area around you.
You do not regenerate.


Message History

You hit the dart slug but do no damage. The hobgoblin closely misses you.
The dart slug completely misses you.
You hit the hobgoblin.
You kill the hobgoblin!
You hit the dart slug.
You kill the dart slug!
A worm comes into view.
You see here a hobgoblin corpse.
You hit the worm.
The worm is lightly wounded.
The worm bites you.
You hit the worm but do no damage.
The worm is lightly wounded.
You hit the worm.
The worm is moderately wounded.
The worm barely misses you.
You hit the worm.
The worm is heavily wounded.
The worm bites you.
You die...

#...## ##......## ,
##.##*##......## ,
##.####......## *
##.#.##......## , ###
##.###.#'#......#* , *
#...# #.## ###†###......
##... ##.###.#.†.###.... *
#.... ##.#.###....###..
##... ##..##..#.@w.### ,
*##.# ##.##.##.##...# ..
##.##.#..#, #...# ## *
#...################*#
#..## #..#.##..#.#.#.#
#..####.>#.##..#.#.#.# ###
#..#........#........###..
#..#.##..#.............#.#
#....##........#..####.#..


You could see a worm.

Vanquished Creatures
  3 adders (D:2)
  2 oozes (D:2)
  A dart slug (D:2)
  A ball python (D:1)
  5 bats
  2 giant cockroaches
  3 goblins (D:1)
  5 hobgoblins
  2 jackals (D:1)
  6 kobolds
  3 frilled lizards (D:1)
  5 rats
38 creatures vanquished.

Notes
Turn   | Place    | Note
-------+----------+-------------------------------------------
     0 | D:1      | somkeydreadnuts the Deep Dwarf Warper began the quest for
                  | the Orb.
     0 | D:1      | Reached XP level 1. HP: 19/19 MP: 3/3
   176 | D:1      | Reached XP level 2. HP: 24/26 MP: 4/4
   816 | D:2      | Reached XP level 3. HP: 15/32 MP: 5/5
  1008 | D:2      | Learned a level 2 spell: Blink
  1295 | D:2      | Reached XP level 4. HP: 5/40 MP: 6/6
  1337 | D:2      | HP: 2/40 [rat (2)]
  1353 | D:2      | Slain by a worm

Illustrated notes

Levels and vault maps discovered:
D:1:      lightli_arrival_noodles, layout_basic, minmay_misc_feat_ornament
D:2:      minmay_razor_zed, layout_loops_cross, minmay_fountain_box

Skill      XL: |  1  2  3 |
---------------+----------+-----
Fighting       | 2 |  2.3
Axes           | 3 |  3.2
Dodging        | 3 |  3.1
Throwing       | |  0.8
Armour         | |  1.9
Stealth        | |  0.3
Spellcasting   | |  1.9
Translocations | |  3.3

Action                   |  1- 3 |  4- 6 || total
-------------------------+-------+-------++-------
Melee: Hand axe          |   136 |    19 ||   155
 Cast: Blink             |     4 |       ||     4
 Stab: Sleeping          |     1 |       ||     1
Armor: Leather armour    |    24 |       ||    24
       Ring mail         |     8 |     8 ||    16
Dodge: Dodged            |   115 |    21 ||   136

Table legend: (Time is in decaauts)
 A = Elapsed time spent in this place.
 B = Non-inter-level travel time spent in this place.
 C = Inter-level travel time spent in this place.
 D = Time resting spent in this place.
 E = Time spent auto-exploring this place.
 F = Levels seen in this place.
 G = Mean time per level.
                   A        B        C        D        E       F      G
               +--------+--------+--------+--------+--------+-----+--------+
         Total |   1378 |   1217 |    161 |      0 |    841 |   2 |  689.0 |
       Dungeon |   1378 |   1217 |    161 |      0 |    841 |   2 |  689.0 |
               +--------+--------+--------+--------+--------+-----+--------+

Top non-repeatable levels by time:
     D:1: 770 daAuts
     D:2: 607 daAuts
